 Dungeon Crawl Stone Soup version 0.25-a0-41-g6cf4ce537d (webtiles) character file.

Game seed: 16614102866548771000, levelgen mode: deterministic

763 Tueska the Cudgeler (level 7, -12/61 HPs)
             Began as a Minotaur Fighter on Oct 21, 2019.
             Was a Believer of Sif Muna.
             Killed by divine providence
             ... invoked by an orc priest
              (14 damage)
             ... on level 5 of the Dungeon.
             The game lasted 00:16:00 (3767 turns).

Tueska the Cudgeler (Minotaur Fighter)              Turns: 3767, Time: 00:16:01

Health: -12/61     AC: 20    Str: 22    XL:     7   Next: 51%
Magic:  6/6        EV:  5    Int:  5    God:    Sif Muna [**....]
Gold:   244        SH: 10    Dex: 10    Spells: 6/6 levels left

rFire    . . .     SeeInvis .   O - +0 flail (protect)
rCold    + . .     Gourm    .   c - +0 shield
rNeg     . . .     Faith    .   E - +0 plate armour
rPois    .         Spirit   .   (helmet restricted)
rElec    .         Reflect  .   (no cloak)
rCorr    .         Harm     +   (no gloves)
MR       .....                  (no boots)
Stlth    ..........             s - amulet of harm {Böseeeee!}
HPRegen  0.20/turn              v - ring of protection from cold
MPRegen  0.10/turn              w - +1 ring of protection

@: protection aura
A: retaliatory headbutt, horns 2
a: Channel Magic, Renounce Religion


You were on level 5 of the Dungeon.
You worshipped Sif Muna.
Sif Muna was pleased with you.
You were not hungry.

You visited 1 branch of the dungeon, and saw 5 of its levels.
You also visited: Ossuary.

You collected 244 gold pieces.

Inventory:

Hand Weapons
 t - a +0 mace of crushing
 O - a +0 flail of protection (weapon)
Missiles
 k - 5 boomerangs
 J - 82 stones (quivered)
Armour
 c - a +0 shield (worn)
 E - a +0 plate armour (worn)
 K - a +0 naga barding
 L - a +0 leather armour
 N - a +0 leather armour
 Q - a +0 scale mail
 R - the +2 robe of Tidapt {rElec rF+}
   (You found it on level 4 of the Dungeon)

   It protects you from fire.
   It insulates you from electricity.
Jewellery
 s - an amulet of harm (around neck) {Böseeeee!}
 v - a ring of protection from cold (left hand)
 w - a +1 ring of protection (right hand)
Wands
 z - a wand of disintegration (17)
Scrolls
 g - 4 scrolls of identify
 p - 8 scrolls of teleportation {unknown}
 x - a scroll of enchant weapon {unknown}
 y - a scroll of magic mapping {unknown}
 I - 2 scrolls of immolation {unknown}
 M - a scroll of random uselessness {unknown}
Potions
 d - a potion of ambrosia {unknown}
 e - a potion of heal wounds {unknown}
 i - a potion of agility {unknown}
 l - 2 potions of mutation {unknown}
 F - 2 potions of brilliance {unknown}
 G - a potion of haste {unknown}
 H - a potion of might
Comestibles
 f - 12 rations


   Skills:
 + Level 5.0 Fighting
 + Level 7.5 Maces & Flails
 + Level 5.3 Armour
 + Level 1.6 Dodging
 + Level 0.1 Stealth
 + Level 5.4 Shields


You had 6 spell levels left.
You didn't know any spells.
Your spell library was empty.

Dungeon Overview and Level Annotations

Branches:
Dungeon (5/15)            Ossuary (visited)
 Temple: D:4-7

Altars:
Dithmenos
Nemelex Xobeh
Sif Muna
Uskayaw
Vehumet


Innate Abilities, Weirdness & Mutations

You reflexively headbutt those who attack you in melee.
You have a pair of horns on your head.


Message History

You hit the orc.
You kill the orc!
Sif Muna accepts your kill.
The leopard gecko bites you but does no damage.
The orc priest invokes the aid of Beogh against you.
Beogh smites you!
* * * LOW HITPOINT WARNING * * *
The leopard gecko bites you but does no damage.
You block the orc's attack.
As you read the scroll labeled LUSECU MYEG, it crumbles to dust.
It is a scroll of identify.
Okay, then.
The leopard gecko bites you but does no damage.
You block the orc priest's attack. You block the orc's attack.
As you read the scroll labeled KOROCZ KOECIH, it crumbles to dust.
You feel blessed for a moment.
It was a scroll of remove curse.
The leopard gecko bites you but does no damage.
The orc priest invokes the aid of Beogh against you.
Beogh smites you!
You die...

.# ## .## #.
.. ###.###.##
........##
#####.......#
......ool..#
#..@..#
#.....#
#.....#
#..##+# ##.#
#.< ....
..... +......


You could see an orc priest, an orc and a leopard gecko.

Vanquished Creatures
  An ogre (D:4)
  A hound (D:4)
  An orc wizard (D:4)
  2 human zombies (Ossuary)
  4 orc priests
  Jessica (D:2)
  An iguana (D:4)
  Terence (D:2)
  A worker ant (D:4)
  Natasha (D:4)
  A big kobold zombie (Ossuary)
  4 mummies (Ossuary)
  10 adders
  An ooze (D:2)
  10 worms
  A dart slug (D:1)
  4 leopard geckos
  20 orcs
  3 ball pythons
  7 giant cockroaches
  4 goblins
  16 hobgoblins
  3 jackals
  A kobold (D:2)
  A ball python zombie (D:3)
  5 bats
  4 frilled lizards
  3 goblin zombies
  A hobgoblin zombie (Ossuary)
  3 jackal zombies (Ossuary)
  3 orc zombies (Ossuary)
  8 rats
  A rat zombie (D:4)
128 creatures vanquished.

Notes
Turn   | Place    | Note
-------+----------+-------------------------------------------
     0 | D:1      | Tueska the Minotaur Fighter began the quest for the Orb.
     0 | D:1      | Reached XP level 1. HP: 19/19 MP: 0/0
   144 | D:1      | Reached XP level 2. HP: 27/27 MP: 1/1
   629 | D:2      | Reached skill level 3 in Maces & Flails
   629 | D:2      | Reached XP level 3. HP: 33/33 MP: 2/2
   793 | D:2      | Found a shimmering blue altar of Sif Muna.
   794 | D:2      | Found a radiant altar of Vehumet.
   794 | D:2      | Found a sparkling altar of Nemelex Xobeh.
   795 | D:2      | Found a shadowy altar of Dithmenos.
   812 | D:2      | Became a worshipper of Sif Muna the Loreminder
   825 | D:2      | Reached XP level 4. HP: 31/40 MP: 3/3
  1078 | D:2      | Noticed Terence
  1086 | D:2      | Killed Terence
  1086 | D:2      | Reached skill level 4 in Maces & Flails
  1472 | D:2      | Reached skill level 1 in Dodging
  1491 | D:2      | Noticed Jessica
  1499 | D:2      | Killed Jessica
  1499 | D:2      | Reached XP level 5. HP: 47/47 MP: 4/4
  1966 | D:3      | Reached skill level 5 in Maces & Flails
  2048 | D:3      | Reached * piety under Sif Muna
  2400 | D:3      | Reached XP level 6. HP: 47/53 MP: 5/5
  2962 | D:4      | Found a sand-covered staircase.
  2967 | D:4      | Reached ** piety under Sif Muna
  2971 | Ossuary  | Entered an ossuary
  3022 | Ossuary  | Reached skill level 5 in Armour
  3038 | Ossuary  | Reached skill level 6 in Maces & Flails
  3403 | D:4      | Reached skill level 5 in Shields
  3526 | D:4      | Reached XP level 7. HP: 56/60 MP: 6/6
  3610 | D:4      | Got a tattered robe
  3638 | D:4      | Identified the +2 robe of Tidapt {rElec rF+} (You found it
                  | on level 4 of the Dungeon)
  3682 | D:4      | Noticed Natasha
  3686 | D:4      | Killed Natasha
  3724 | D:4      | Reached skill level 7 in Maces & Flails
  3754 | D:5      | Entered Level 5 of the Dungeon
  3754 | D:5      | Found a hide-covered altar of Uskayaw.
  3760 | D:5      | Reached skill level 5 in Fighting
  3765 | D:5      | HP: 2/61 [orc priest/divine providence (14)]
  3767 | D:5      | Killed from afar by an orc priest

Levels and vault maps discovered:
D:1:      lightli_arrival_noodles, layout_loops_ring, minmay_tetromino_t4
D:2:      layout_basic, chequers_temple_overflow_statue_of_worship,
          first_ration, uniq_jessica, uniq_terence
D:3:      minmay_chambers_of_threes, layout_basic
D:4:      layout_gridville, enter_ossuary_4, uniq_natasha
D:5:      layout_loops_corners, old_standard_altar, basic_altar, uniq_ijyb,
          uniq_pikel, uniq_prince_ribbit1

Skill      XL: |  1  2  3  4  5  6  7 |
---------------+----------------------+-----
Shields        | 4 5 |  5.4
Armour         | 4 5 |  5.3
Fighting       | 4 5 |  5.0
Maces & Flails | 3 4 5 6 7 |  7.5
Dodging        | 1 |  1.6
Stealth        | |  0.1

Action                   |  1- 3 |  4- 6 |  7- 9 || total
-------------------------+-------+-------+-------++-------
Melee: Flail             |    72 |    25 |    39 ||   136
       Headbutt          |     9 |    33 |     9 ||    51
       Mace              |       |   170 |    16 ||   186
  Use: Potion            |       |     1 |       ||     1
       Scroll            |       |       |     2 ||     2
  Eat: Chunk             |       |     6 |       ||     6
       Ration            |       |     1 |       ||     1
Armor: Scale mail        |    25 |    58 |       ||    83
       Plate armour      |       |    55 |    29 ||    84
Dodge: Dodged            |    22 |    60 |     7 ||    89
Block: Shield            |    41 |   118 |    30 ||   189

Table legend:
 A = Non-vault XP
 B = Vault XP
 C = Vault XP percentage of total XP
 D = Non-vault monster count
 E = Vault monster count
 F = Vault count percentage of total count
                 A         B        C        D         E       F
            +---------+---------+-------+---------+---------+-------
      Total |     742 |     348 |  31.9 |      94 |      34 |  26.6
            +---------+---------+-------+---------+---------+-------
        D:1 |      34 |       2 |   5.6 |      19 |       1 |   5.0
        D:2 |     110 |      73 |  39.9 |      22 |       2 |   8.3
        D:3 |     158 |      41 |  20.6 |      26 |      12 |  31.6
        D:4 |     394 |      37 |   8.6 |      25 |       3 |  10.7
        D:5 |      46 |       0 |   0.0 |       2 |       0 |   0.0
    Ossuary |       0 |     195 | 100.0 |       0 |      16 | 100.0
            +---------+---------+-------+---------+---------+-------
